 Dungeon Crawl Stone Soup version 0.29-a0-330-g52719c12eb (webtiles) character file.

Game seed: 5537282468239400386

414 kae the Changer (level 6, -3/47 HPs)
             Began as a Draconian Transmuter on May 17, 2022.
             Slain by an ice beast (12 damage)
             ... on level 5 of the Dungeon.
             The game lasted 00:02:35 (4209 turns).

kae the Changer (Draconian Transmuter)              Turns: 4209, Time: 00:02:35

Health: -3/47      AC:  2    Str: 13    XL:     6   Next: 60%
Magic:  10/11      EV: 19    Int: 15    God:
Gold:   149        SH:  0    Dex: 22    Spells: 1/11 levels left

rFire   . . .      SeeInvis .     - Unarmed
rCold   . . .      Faith    .   (shield currently unavailable)
rNeg    . . .      Spirit   .   (body armour unavailable)
rPois   x          Reflect  .   (helmet currently unavailable)
rElec   .          Harm     .   (cloak currently unavailable)
rCorr   .          Rampage  .   (gloves currently unavailable)
Will    .....                   (boots currently unavailable)
Stlth   ++........              (no amulet)
HPRegen 0.15/turn               e - +6 ring of dexterity
MPRegen 0.12/turn               (no ring)

@: spider-form (expiring)
A: venomous fangs, AC +6, tiny, unfitting armour, (cold-blooded)
a: End Transformation


You were on level 5 of the Dungeon.
You were a venomous arachnid creature.
You visited 1 branch of the dungeon, and saw 5 of its levels.

You collected 185 gold pieces.
You spent 36 gold pieces at shops.

Inventory:

Jewellery
 e - a +6 ring of dexterity (left front leg)
Scrolls
 c - a scroll of fog {unknown}
 g - a scroll of vulnerability {unknown}
 h - 4 scrolls of identify {unknown}
 j - a scroll of brand weapon {unknown}
 k - a scroll of blinking {unknown}
 l - a scroll of enchant weapon {unknown}
 n - a scroll of acquirement {unknown}
 o - a scroll of holy word {unknown}
Potions
 a - 3 potions of lignification
 b - 4 potions of heal wounds {unknown}
 d - 2 potions of curing
 f - 2 potions of attraction {unknown}
 i - 2 potions of mutation {unknown}
 m - a potion of degeneration {unknown}
 p - a potion of invisibility {unknown}
 q - a potion of brilliance {unknown}
 r - a potion of might {unknown}
 s - a potion of magic {unknown}


   Skills:
 - Level 1.1 Fighting
 - Level 1.7 Dodging
 + Level 4.2 Unarmed Combat
 + Level 3.3 Spellcasting
 * Level 4.8 Transmutations
 * Level 1.4 Ice Magic
 - Level 1.8 Poison Magic


You had one spell level left.
You knew the following spells:

 Your Spells              Type           Power      Damage    Failure   Level
a - Beastly Appendage     Tmut           32%        N/A       10%         1
b - Wereblood             Tmut           16%        N/A       13%         2
c - Spider Form           Tmut/Pois      12%        N/A       32%         3
d - Ice Form              Ice/Tmut       11%        N/A       69%         4

Your spell library contained the following spells:

 Spells                   Type           Power      Damage    Failure   Level
 Summon Small Mammal      Summ           8%         N/A       38%         1
 Call Canine Familiar     Summ           2%         N/A       71%         3
 Dazzling Flash           Conj/Hex       4%         N/A       71%         3
 Summon Guardian Golem    Hex/Summ       2%         N/A       71%         3
 Iskenderun's Mystic Bla  Conj/Tloc      2%         2d3       96%         4
 Starburst                Conj/Fire      1%         6d3       100%        6


Dungeon Overview and Level Annotations

Branches:
Dungeon (5/15)
 Temple: D:4-7

Altars:

Shops:
D:1 !

Annotations:
D:4 Pikel, Sigmund


Innate Abilities, Weirdness & Mutations

You are a venomous arachnid creature.
You have poisonous fangs.
You are tiny and dextrous.
Your spellcasting is less reliable in this form.
Your armour is entirely melded.
You are incapable of wielding weapons or throwing items.
((Your plain brown scales are hard. (AC +6)))
You cannot fit into any form of body armour.
((You are cold-blooded and may be slowed by cold attacks.))


Message History

The iguana barely misses you.
You hit the iguana but do no damage.
The iguana looks as sick as possible!
The iguana is severely wounded.
The iguana closely misses you.
You hit the iguana.
You kill the iguana!
You hit the ice beast but do no damage. The ice beast closely misses you.
You hit the ice beast.
The ice beast is lightly wounded.
You barely miss the ice beast.
The ice beast is lightly wounded.
The ice beast hits you. The ice beast freezes you!
You hit the ice beast.
The ice beast is lightly wounded.
The ice beast misses you.
You hit the ice beast.
The ice beast is moderately wounded.
The ice beast hits you. The ice beast freezes you.
* * * LOW HITPOINT WARNING * * *
You completely miss the ice beast.
The ice beast is moderately wounded.
Your transformation is almost over.
The ice beast barely misses you.
You feel better. The ice beast completely misses you.
You hit the ice beast but do no damage.
The ice beast is moderately wounded.
The ice beast misses you.
You hit the ice beast but do no damage.
The ice beast is moderately wounded.
The ice beast hits you. The ice beast freezes you.
* * * LOW HITPOINT WARNING * * *
You completely miss the ice beast.
The ice beast is moderately wounded.
The ice beast barely misses you.
You barely miss the ice beast.
The ice beast is moderately wounded.
The ice beast hits you.
* * * LOW HITPOINT WARNING * * *
The ice beast freezes you!
You die...

.># #.# # #.# #..
#.#
#....#######.#######
+.....Ys...#.#.....#
#....#####.#'#'###.#
... #........#.# #
#...†....#.#
#........#.#
#........#.#
#........#.#
##+#.#+###.# #.# #.#


You could see an ice beast.

Vanquished Creatures
  An ice beast (D:5)
  A bullfrog (D:5)
  A scorpion (D:4)
  An orc priest (D:4)
  2 iguanas
  2 adders (D:5)
  4 worms
  A dart slug (D:2)
  6 orcs
  6 ball pythons
  4 bats
  3 endoplasms
  4 giant cockroaches
  5 goblins (D:1)
  2 hobgoblins
  15 jackals
  4 kobolds
  3 frilled lizards
  8 rats
73 creatures vanquished.

Notes
Turn   | Place    | Note
-------+----------+-------------------------------------------
     0 | D:1      | kae the Draconian Transmuter began the quest for the Orb.
     0 | D:1      | Reached XP level 1. HP: 16/16 MP: 3/3
   537 | D:1      | Reached XP level 2. HP: 22/23 MP: 3/5
   615 | D:1      | Found Vyikh's Distillery.
   627 | D:1      | Bought a potion of curing for 36 gold pieces
   747 | D:1      | Found a faded altar of an unknown god.
   801 | D:1      | Learned a level 2 spell: Wereblood
  1104 | D:2      | Reached XP level 3. HP: 28/28 MP: 4/6
  1318 | D:2      | Learned a level 3 spell: Spider Form
  2016 | D:3      | Reached XP level 4. HP: 35/35 MP: 7/7
  2636 | D:4      | Noticed a scorpion
  2647 | D:4      | Killed a scorpion
  2648 | D:4      | Reached skill level 1 in Poison Magic
  2648 | D:4      | Reached XP level 5. HP: 24/40 MP: 6/9
  3048 | D:4      | Noticed Sigmund
  3048 | D:4      | Noticed Pikel
  3048 | D:4      | Noticed a lemure
  3048 | D:4      | Noticed a lemure
  3048 | D:4      | Noticed a lemure
  3048 | D:4      | Noticed a lemure
  3048 | D:4      | Noticed an ogre
  3061 | D:5      | Entered Level 5 of the Dungeon
  3201 | D:5      | Reached XP level 6. HP: 17/47 MP: 8/10
  3401 | D:5      | Learned a level 4 spell: Ice Form
  3416 | D:5      | Noticed an ice beast
  3966 | D:5      | Killed an ice beast
  3967 | D:5      | Reached skill level 1 in Ice Magic
  4184 | D:5      | Noticed an ice beast
  4209 | D:5      | Slain by an ice beast

Illustrated notes

Levels and vault maps discovered:
D:1:      nzn_arrival_settlement, layout_loops_ring,
          hellmonk_ecumenical_altar_pennies_from_heaven, serial_shops,
          nicolae_shop_hallway_plus
D:2:      layout_rooms
D:3:      layout_basic
D:4:      layout_basic, uniq_sigmund, uniq_pikel
D:5:      layout_basic, uniq_ijyb, uniq_grinder

Skill      XL: |  1  2  3  4  5  6 |
---------------+-------------------+-----
Transmutations | 3 4 |  4.8
Poison Magic   | 1 |  1.8
Spellcasting   | 3 |  3.3
Unarmed Combat | 4 |  4.2
Ice Magic      | 1 |  1.4
Fighting       | |  1.1
Dodging        | |  1.7

Action                   |  1- 3 |  4- 6 || total
-------------------------+-------+-------++-------
Melee: Unarmed           |   122 |    96 ||   218
       Kick              |    22 |    16 ||    38
       Tailslap          |    15 |     9 ||    24
       Headbutt          |    13 |    11 ||    24
       Punch             |     2 |     2 ||     4
 Cast: Beastly Appendage |    29 |    13 ||    42
       Wereblood         |     4 |     1 ||     5
       Spider Form       |       |     3 ||     3
       Ice Form          |       |     1 ||     1
  Use: Potion            |       |     1 ||     1
 Stab: Sleeping          |     3 |       ||     3
Armor: Skin              |    43 |    11 ||    54
Dodge: Dodged            |    73 |    54 ||   127

Table legend: (Time is in decaauts)
 A = Elapsed time spent in this place.
 B = Non-inter-level travel time spent in this place.
 C = Inter-level travel time spent in this place.
 D = Time resting spent in this place.
 E = Time spent auto-exploring this place.
 F = Levels seen in this place.
 G = Mean time per level.
                   A        B        C        D        E       F      G
               +--------+--------+--------+--------+--------+-----+--------+
         Total |   4195 |   4119 |     76 |   1185 |   2334 |   5 |  839.0 |
       Dungeon |   4195 |   4119 |     76 |   1185 |   2334 |   5 |  839.0 |
               +--------+--------+--------+--------+--------+-----+--------+

Top non-repeatable levels by time:
     D:5: 1144 daAuts
     D:1: 1094 daAuts
     D:3: 787 daAuts
     D:2: 748 daAuts
     D:4: 422 daAuts
